 Dungeon Crawl Stone Soup version 0.31-a0-1074-g0b22e4e0f1 (webtiles) character file.

Game seed: 11558842237168180604

753 Dittersdorf the Trooper (level 7, -3/44 HPs)
             Began as a Gargoyle Fighter on Dec 7, 2023.
             Was an Initiate of Gozag.
             Slain by a shadow imp (5 damage)
             ... summoned by Eustachio
             ... on level 5 of the Dungeon.
             The game lasted 00:05:00 (4195 turns).

Dittersdorf the Trooper (Gargoyle Fighter)          Turns: 4195, Time: 00:05:00

Health: -3/44      AC: 17    Str: 22    XL:     7   Next: 79%
Magic:  7/7        EV:  8    Int:  8    God:    Gozag
Gold:   281        SH:  5    Dex:  9    Spells: 6/6 levels left

rFire   . . .        a - +1 flail
rCold   . . .        c - +0 buckler
rNeg    + . .        n - +0 chain mail
rPois   ∞            (no helmet)
rElec   +            o - +0 cloak
rCorr   .            k - +0 pair of gloves
SInv    +            (no boots)
Will    .....        (no amulet) Stlth
                     m - ring of see invisible
HPRegen 0.27/turn    (no ring)
MPRegen 0.10/turn

%: no passive effects
@: no status effects
A: sickness immunity, AC +4, negative energy resistance 1, electricity
resistance, torment resistance 1, petrification resistance
a: Renounce Religion, Potion Petition, Call Merchant, Bribe Branch


You were on level 5 of the Dungeon.
You worshipped Gozag.
Gozag was aware of your devotion.
You visited 2 branches of the dungeon, and saw 6 of its levels.

You collected 342 gold pieces.
You paid 61 gold pieces to Gozag.

Inventory:

Hand Weapons
 a - a +1 flail (weapon)
Armour
 c - a +0 buckler (worn)
 k - a +0 pair of gloves (worn)
 n - a +0 chain mail (worn)
 o - a +0 cloak (worn)
Magical Staves
 s - a staff of earth
Jewellery
 i - an amulet of faith
 m - a ring of see invisible (left hand)
Scrolls
 j - a scroll of poison
 l - a scroll of enchant weapon
Potions
 b - a potion of magic {unknown}
 d - 2 potions of might
 e - a potion of curing
 f - a potion of enlightenment {unknown}
 g - 2 potions of lignification {unknown}
 q - 3 potions of cancellation
 r - a potion of brilliance
 u - a potion of resistance


   Skills:
 + Level 5.6 Fighting
 + Level 4.5 Maces & Flails
 + Level 5.5 Armour
 + Level 5.6 Shields


You had 6 spell levels left.
You didn't know any spells.
Your spell library was empty.

Dungeon Overview and Level Annotations

Branches:
Dungeon (5/15)             Temple (1/1) D:4

Altars:
Ashenzari
Dithmenos
Elyvilon
Fedhas
Gozag
Hepliaklqana
Makhleb
Okawaru
Qazlal
Ru
Sif Muna
Trog
Uskayaw
Vehumet
Wu Jian
Xom
Yredelemnul
Zin
The Shining One

Shops:
D:2 *

Annotations:
D:5 Eustachio


Innate Abilities, Weirdness & Mutations

You are immune to sickness and miasma.
Your stone body is resilient. (AC +4)
You are immune to poison.
You resist negative energy. (rN+)
You are resistant to electric shocks. (rElec)
You are resistant to unholy torment.
You are immune to petrification.


Message History

You hit Eustachio.
Eustachio is heavily wounded.
The bat hits you but does no damage.
The shadow imp hits you but does no damage.
Eustachio barely misses you.
The iron imp hits you but does no damage.
You block the iron imp's attack. The river rat barely misses you.
The river rat bites you but does no damage.
The shadow imp closely misses you.
You completely miss Eustachio.
Eustachio is heavily wounded.
Eustachio hits you but does no damage. The river rat closely misses you.
The iron imp hits you!
* * * LOW HITPOINT WARNING * * *
The iron imp hits you but does no damage.
The bat hits you but does no damage. You block the river rat's attack.
The shadow imp completely misses you.
You barely miss Eustachio.
Eustachio is heavily wounded.
The bat hits you but does no damage. Eustachio hits you with a +0 falchion.
* * * LOW HITPOINT WARNING * * *
The river rat closely misses you. The iron imp barely misses you.
The iron imp hits you but does no damage.
The river rat bites you but does no damage.
The shadow imp barely misses you. Eustachio closely misses you.
The river rat barely misses you. The bat closely misses you.
You closely miss Eustachio.
Eustachio is heavily wounded.
You block the iron imp's attack.
The river rat twitches its whiskers.
The river rat bites you but does no damage.
The shadow imp hits you but does no damage.
The iron imp closely misses you. Eustachio barely misses you.
The river rat bites you.
* * * LOW HITPOINT WARNING * * *
You block the bat's attack. The river rat completely misses you.
The shadow imp attacks as it pursues you!
The shadow imp hits you.
You die...
Your body crumbles into a pile of gold.

##...# #....#
#....## #.....#
###.#...# ######
#...#...#
#.#.55.###
#.###....
#...@.b5.### ##.#
#..#.
#...rr@....###..#
#...#
#.##.###.......##
#.#.. # #.
####.#...###.##.
.# ...........##)
..
##.............
...
#...#######..#.
#... #..#...#
##... #.####..###
#... .. ...###...


You could see Eustachio, 2 iron imps, 2 river rats, a shadow imp (summoned) and
a bat (summoned).

Vanquished Creatures
  Sigmund (D:3)
  Menkaure (D:5)
  2 ogres
  2 scorpions
  An iguana (D:5)
  3 gnolls
  5 adders
  3 worms
  A dart slug (D:1)
  4 orcs (D:2)
  8 ball pythons
  5 bats
  6 endoplasms
  2 giant cockroaches (D:1)
  4 hobgoblins
  6 jackals
  5 quokkas
  2 frilled lizards (D:1)
  6 goblins
  2 kobolds
  7 rats
76 creatures vanquished.

Notes
Turn   | Place    | Note
-------+----------+-------------------------------------------
     0 | D:1      | Dittersdorf the Gargoyle Fighter began the quest for the
                  | Orb.
     0 | D:1      | Reached XP level 1. HP: 14/14 MP: 1/1
   168 | D:1      | Reached XP level 2. HP: 17/19 MP: 2/2
   400 | D:1      | Found a faded altar of an unknown god.
   634 | D:1      | Reached XP level 3. HP: 23/23 MP: 3/3
  1134 | D:2      | Found Xuthrisme's General Store.
  1314 | D:1      | Reached XP level 4. HP: 26/29 MP: 4/4
  2182 | D:3      | Noticed Sigmund
  2190 | D:3      | Killed Sigmund
  2191 | D:3      | Reached XP level 5. HP: 33/34 MP: 5/5
  2191 | D:3      | Reached XP level 6. HP: 38/39 MP: 6/6
  2628 | D:4      | Found a staircase to the Ecumenical Temple.
  2637 | Temple   | Entered the Ecumenical Temple
  2659 | Temple   | Became a worshipper of Gozag Ym Sagoz the Greedy
  3061 | D:4      | Found a hazy altar of Hepliaklqana.
  3125 | D:4      | Reached skill level 5 in Fighting
  3125 | D:4      | Reached skill level 5 in Armour
  3125 | D:4      | Reached skill level 5 in Shields
  3125 | D:4      | Reached XP level 7. HP: 18/44 MP: 7/7
  3941 | D:5      | Entered Level 5 of the Dungeon
  4038 | D:5      | Noticed Menkaure
  4046 | D:5      | Killed Menkaure
  4176 | D:5      | Noticed Eustachio
  4194 | D:5      | HP: 1/44 [river rat[Eustachio] (2)]
  4195 | D:5      | Slain by a shadow imp

Illustrated notes

Levels and vault maps discovered:
D:1:      erik_arrival_orb_chamber, layout_loops_corners,
          shapermc_ecumenical_altar_starsandcircs, minmay_tetromino_o4
D:2:      layout_loops_ring, serial_shops, nicolae_shop_hallway_plus,
          serial_park_tiny_pond, chequers_hall_statues_wall_a
D:3:      layout_rooms, uniq_sigmund
D:4:      layout_layer_cave, nicolae_hepliaklqana_hazy_memory,
          minmay_temple_entry_gardened_gates, minmay_fractal_squares_gapless_5
D:5:      layout_rooms, cheibrodos_worm_habitat, grunt_decor_junction,
          uniq_menkaure, uniq_eustachio, uniq_grinder
Temple:   regret_index_temple_mists

Skill      XL: |  1  2  3  4  5  6 |
---------------+-------------------+-----
Fighting       | 4 5 |  5.6
Shields        | 4 5 |  5.6
Armour         | 4 5 |  5.5
Maces & Flails | 3 4 |  4.5

Action                     |  1- 3 |  4- 6 |  7- 9 || total
---------------------------+-------+-------+-------++-------
  Melee: Flail             |   164 |   100 |    57 ||   321
  Throw: Throwing net      |       |     2 |     1 ||     3
    Use: Scroll            |       |     9 |     4 ||    13
   Stab: Held in net/web   |       |     1 |       ||     1
 Armour: Scale mail        |    90 |       |       ||    90
         Chain mail        |    30 |    79 |    76 ||   185
  Dodge: Dodged            |    94 |    37 |    51 ||   182
  Block: Buckler           |    44 |    20 |    30 ||    94

Table legend: (Time is in decaauts)
 A = Elapsed time spent in this place.
 B = Non-inter-level travel time spent in this place.
 C = Inter-level travel time spent in this place.
 D = Time resting spent in this place.
 E = Time spent auto-exploring this place.
 F = Levels seen in this place.
 G = Mean time per level.
                   A        B        C        D        E       F      G
               +--------+--------+--------+--------+--------+-----+--------+
         Total |   4302 |   4068 |    234 |    199 |   3004 |   6 |  717.0 |
       Dungeon |   4218 |   4036 |    182 |    184 |   3004 |   5 |  843.6 |
        Temple |     83 |     31 |     52 |     15 |      0 |   1 |   83.0 |
               +--------+--------+--------+--------+--------+-----+--------+

Top non-repeatable levels by time:
     D:4: 1257 daAuts
     D:1: 1159 daAuts
     D:2: 1086 daAuts
     D:3: 453 daAuts
     D:5: 262 daAuts
  Temple: 83 daAuts
